Map: Oxide LE

Players

TeebuL

  • Race: Protoss Protoss
  • Spawn Location: 1:00

RazerBlader - Winner!

  • Race: Terran Terran
  • League: Grandmaster
  • Spawn Location: 7:00

Event: DreamHack SC2 Masters 2020 Winter

VOD

Have the link to the VOD?

Description

Time

  • Played on: Oct. 24, 2020, 5:52 a.m.
  • Length: 8:32

All games in this series

Show
View Real Time Build Order
Export as new Build Order

TeebuL Protoss 

Build Orders: Zealot Archon, Dark Templar Rush 

Get SALT Encoding   

  12  0:00  Probe  
  13  0:12  Probe  
  14  0:17  Pylon  
  14  0:24  Probe  
  15  0:36  Probe (Chrono Boost)  
  15  0:38  Gateway  
  16  0:48  Probe (Chrono Boost)  
  16  0:49  Assimilator  
  17  0:53  Probe (Chrono Boost)  
  18  1:03  Probe  
  19  1:15  Probe  
  20  1:27  Cybernetics Core  
  20  1:30  Probe  
  21  1:36  Pylon  
  21  1:47  Probe  
  22  2:00  Stalker (Chrono Boost)  
  22  2:04  Warp Gate  
  22  2:05  Nexus, Probe  
  25  2:14  Shield Battery  
  25  2:17  Assimilator  
  25  2:23  Stalker  
  25  2:24  Probe  
  28  2:37  Probe  
  29  2:49  Probe  
  29  2:54  Twilight Council  
  29  3:01  Probe  
  30  3:09  Robotics Facility  
  30  3:13  Probe  
  30  3:16  Pylon  
  30  3:18  Probe (Chrono Boost)  
  32  3:25  Probe (Chrono Boost)  
  33  3:30  Probe (Chrono Boost)  
  35  3:35  Probe (Chrono Boost)  
  35  3:37  Probe (Chrono Boost)  
  35  3:40  Probe (Chrono Boost), Dark Shrine  
  36  3:44  Probe  
  36  3:46  Gateway  
  38  3:50  Gateway  
  38  3:51  Probe  
  38  3:54  Adept  
  41  3:58  Probe  
  42  4:03  Warp Prism (Chrono Boost)  
  42  4:08  Probe  
  45  4:10  Probe  
  45  4:15  Pylon  
  46  4:20  Assimilator  
  46  4:22  Assimilator, Probe  
  47  4:25  Probe  
  48  4:34  Probe  
  49  4:40  Probe  
  49  4:42  Stalker x2  
  54  4:48  Probe  
  54  4:58  Dark Templar  
  54  4:59  Probe  
  53  5:07  Dark Templar  
  53  5:08  Probe  
  56  5:17  Probe  
  56  5:20  Probe  
  53  5:29  Probe  
  53  5:32  Probe  
  53  5:33  Adept  
  52  5:44  Probe (Chrono Boost)  
  52  5:46  Probe (Chrono Boost)  
  54  5:55  Probe (Chrono Boost)  
  55  5:57  Probe (Chrono Boost)  
  55  6:02  Nexus  
  55  6:03  Dark Templar, Pylon, Probe  
  59  6:07  Archon  
  59  6:09  Probe  
  60  6:15  Probe  
  60  6:16  Robotics Bay  
  61  6:18  Pylon  
  61  6:19  Pylon  
  61  6:20  Charge (Chrono Boost)  
  61  6:21  Probe  
  61  6:25  Gateway  
  62  6:28  Gateway  
  62  6:30  Probe  
  63  6:35  Gateway, Shield Battery  
  63  6:36  Sentry  
  63  6:37  Probe  
  63  6:38  Gateway  
  66  6:44  Probe  
  67  6:47  Zealot, Sentry  
  67  6:51  Pylon  
  71  6:55  Pylon, Probe  
  71  6:58  Colossus (Chrono Boost)  
  72  7:07  Probe  
  79  7:08  Zealot x2  
  83  7:23  Zealot x3  
  83  7:24  Gateway  
  83  7:28  Shield Battery  
  87  7:32  Shield Battery  
  87  7:36  Zealot, Sentry  
  91  7:38  Zealot  
  93  7:49  Zealot x4  
  101  8:10  Zealot x2  
  101  8:11  Zealot x2  
  103  8:17  Sentry  
Show
View Real Time Build Order
Export as new Build Order

RazerBlader Terran - Winner!

Build Orders: Reaper Expand 

Get SALT Encoding   

  12  0:00  SCV  
  13  0:12  SCV  
  14  0:16  Supply Depot  
  14  0:24  SCV  
  15  0:38  SCV  
  15  0:39  Barracks  
  16  0:43  Refinery  
  16  0:50  SCV  
  16  0:56  Supply Depot  
  17  1:02  SCV  
  18  1:14  SCV  
  19  1:26  Orbital Command  
  19  1:27  Reaper  
  20  1:52  SCV  
  20  1:53  Command Center  
  21  1:59  Marine  
  22  2:05  SCV  
  23  2:10  Factory  
  23  2:14  Bunker  
  23  2:17  SCV  
  24  2:23  Barracks Reactor  
  24  2:27  Refinery  
  24  2:29  SCV  
  25  2:41  SCV  
  26  2:53  SCV  
  26  2:56  Starport  
  26  2:58  Hellion  
  29  3:02  Marine x2  
  29  3:05  SCV, Orbital Command  
  32  3:17  SCV  
  33  3:20  Marine x2  
  33  3:21  Factory Tech Lab  
  35  3:29  SCV  
  35  3:32  SCV  
  35  3:33  Medivac  
  39  3:38  Marine  
  39  3:39  Marine  
  43  3:41  Widow Mine  
  43  3:42  SCV  
  43  3:44  SCV  
  43  3:45  Supply Depot  
  45  3:57  SCV  
  45  4:01  Barracks  
  46  4:07  Marine x2, SCV  
  49  4:10  Factory Tech Lab  
  49  4:11  Raven  
  49  4:13  SCV  
  49  4:14  Barracks  
  49  4:15  Supply Depot  
  52  4:19  SCV  
  53  4:25  SCV  
  53  4:27  Engineering Bay  
  53  4:28  Supply Depot  
  53  4:29  Refinery  
  54  4:36  SCV, Siege Tank  
  54  4:37  SCV  
  59  4:41  Marine x2  
  59  4:48  SCV  
  59  4:51  Marine, SCV  
  62  4:59  Marine x2  
  61  5:00  SCV  
  61  5:03  SCV  
  62  5:10  Missile Turret  
  62  5:13  SCV  
  62  5:16  SCV  
  62  5:17  Marine x2  
  60  5:34  Marine, SCV  
  60  5:35  SCV  
  60  5:36  Terran Infantry Weapons Level 1  
  60  5:39  Marauder, Stimpack  
  60  5:41  Factory Reactor  
  60  5:44  Marauder  
  60  5:48  SCV  
  62  5:52  Combat Shield, Refinery, Starport Reactor  
  62  5:54  SCV  
  63  6:00  Supply Depot  
  63  6:01  Marauder, Marine x2  
  67  6:04  SCV  
  67  6:06  Marauder  
  67  6:09  Supply Depot  
  70  6:13  SCV  
  70  6:16  SCV  
  72  6:19  Widow Mine x2  
  72  6:24  Missile Turret  
  76  6:25  Marine x2, SCV  
  76  6:26  Marauder  
  76  6:28  SCV  
  76  6:29  Medivac  
  76  6:31  Viking  
  86  6:35  Marauder  
  86  6:37  SCV  
  86  6:39  Supply Depot  
  89  6:40  SCV  
  89  6:41  Widow Mine x2  
  94  6:52  Supply Depot  
  94  6:54  Marauder, Marine x2, SCV  
  94  6:56  Marauder  
  94  7:01  Medivac x2  
  104  7:12  Marine  
  104  7:16  Marauder  
  104  7:17  Widow Mine x2  
  110  7:25  Supply Depot  
  110  7:26  Marine  
  110  7:27  Marauder  
  113  7:34  Marine  
  114  7:37  Marauder  
  114  7:41  Widow Mine  
  114  7:42  Command Center  
  114  7:43  Supply Depot  
  118  7:44  Marine  
  118  7:47  Marine  
  121  7:51  Widow Mine, Marine  
  121  7:59  Marauder  
  121  8:02  Marine  
  122  8:13  Marine  
Tags
 
Add a new tag
Caveats
  • Supply blocks, unpowered buildings, or Contaminate may cause inaccurate times.
  • Supply counts are checked every 10 seconds.